AoeStats
← flynorc

Lombardia

508024905Analyzed
4v4 RM · 10d ago on Sep 20, 2026· 38m 51s· 8 players
Game mode
Random Map
Map size
Large (8 player)
Population
200
Speed
Normal
Resources
Standard
Victory
Conquest
Starting age
Dark Age
Ending age
Imperial Age
RankedLock teamsTeams togetherTeam positionsShared explorationLock speedFull tech treeHidden civsTurbo modeCheats
Victory
Defeat
🇧🇷 Khmer · Brazil
1511
+13
🇦🇷 Magyars · Argentina
1502
+14
🇨🇳 Maya · China
1467
+15
🇧🇷 Spanish · Brazil
1394
+18
🇦🇹 Italians · Austria
1451
-15
🇹🇷 Magyars · Türkiye
1450
-15
🇦🇿 Huns · Azerbaijan
1446
-15
🇩🇪 Turks · Germany
1439
-15
CBRM
6:38 Loom
9:20 Feudal Age
9:50 Double-Bit Axe
10:14 Horse Collar
14:49 Wheelbarrow
16:53 Bloodlines
19:21 Castle Age
17:29 Scale Barding Armor
18:25 Gold Mining
20:03 Husbandry
20:27 Chain Barding Armor
27:33 Town Watch
28:48 Bow Saw
28:39 Heavy Plow
32:58 Town Patrol
33:16 Hand Cart
35:59 Imperial Age
34:00 Corvinian Army
34:12 Stone Mining
34:52 Light Cavalry
36:11 Elite Magyar Huszar
37:33 Plate Barding Armor
37:31 Conscription
flynorc
7:02 Loom
10:01 Feudal Age
12:54 Double-Bit Axe
12:50 Horse Collar
20:07 Castle Age
18:07 Fletching
20:24 Padded Archer Armor
21:29 Bodkin Arrow
23:02 Ballistics
24:05 Leather Archer Armor
25:36 Thumb Ring
27:48 Bow Saw
33:27 Wheelbarrow
36:54 Imperial Age
37:21 Elite Genoese Crossbowman
38:16 Bracer
eraycoskun33
9:30 Loom
11:15 Feudal Age
12:18 Double-Bit Axe
13:08 Horse Collar
18:56 Castle Age
18:50 Fletching
20:08 Bow Saw
20:36 Wheelbarrow
21:07 Bodkin Arrow
23:15 Bloodlines
23:06 Husbandry
23:20 Gold Mining
24:48 Ballistics
26:52 Sipahi
34:57 Town Watch
36:58 Thumb Ring
40:36 Imperial Age
38:22 Hand Cart
我放了个屁她顺风追了
9:05 Feudal Age
7:23 Loom
9:56 Double-Bit Axe
10:24 Horse Collar
12:41 Scale Barding Armor
21:19 Castle Age
19:48 Gold Mining
19:54 Stone Mining
21:34 Wheelbarrow
20:45 Town Watch
22:35 Light Cavalry
25:27 Bloodlines
26:02 Bow Saw
26:42 Husbandry
33:41 Imperial Age
32:16 Forging
32:27 Chain Barding Armor
34:13 Iron Casting
33:29 Fletching
34:49 Conscription
33:54 Cavalier
35:14 Plate Barding Armor
34:28 Capped Ram
37:07 Blast Furnace
Julio2
11:17 Feudal Age
14:52 Castle Age
13:07 Double-Bit Axe
13:39 Horse Collar
14:05 Gold Mining
16:33 Bow Saw
23:00 Padded Archer Armor
23:57 Wheelbarrow
25:20 Bloodlines
33:48 Husbandry
38:30 Imperial Age
37:14 Leather Archer Armor
[Fx、]AirDk
0:27 Loom
11:30 Feudal Age
16:41 Castle Age
15:04 Double-Bit Axe
16:12 Horse Collar
19:35 Bow Saw
24:26 Gold Mining
25:51 Wheelbarrow
31:47 Imperial Age
29:33 Hand Cart
29:21 Heavy Plow
30:54 Scale Mail Armor
30:23 Eagle Warrior
30:49 Arson
31:04 Squires
32:03 Chain Mail Armor
31:37 Town Watch
32:02 Caravan
31:49 Elite Eagle Warrior
33:18 Plate Mail Armor
33:34 Holcans
33:25 Conscription
33:58 Forging
34:19 Stone Mining
34:42 Fortified Wall
34:27 Murder Holes
36:22 Iron Casting
35:21 Capped Ram
Alexis
6:33 Loom
8:52 Feudal Age
9:21 Double-Bit Axe
13:04 Horse Collar
17:34 Wheelbarrow
20:02 Castle Age
21:10 Bow Saw
24:35 Husbandry
26:06 Gold Mining
26:09 Stone Mining
27:06 Hand Cart
26:38 Town Watch
26:47 Fletching
27:34 Bloodlines
27:39 Scale Barding Armor
29:00 Chain Barding Armor
29:36 Gold Shaft Mining
32:06 Ballistics
35:47 Imperial Age
34:09 Caravan
34:31 Bodkin Arrow
35:58 Cavalier
37:18 Plate Barding Armor
37:16 Conscription
Perseu
6:42 Loom
8:46 Feudal Age
9:30 Double-Bit Axe
11:48 Horse Collar
19:34 Castle Age
17:41 Stone Mining
20:26 Wheelbarrow
21:43 Bow Saw
22:00 Heavy Plow
25:27 Hand Cart
28:54 Gold Mining
31:43 Imperial Age
30:20 Gold Shaft Mining
31:14 Stone Shaft Mining
31:25 Scale Barding Armor
33:33 Chain Barding Armor
33:53 Forging
34:49 Conscription
35:35 Town Watch
35:19 Elite Ballista Elephant
38:08 Double Crossbow
39:29 Plate Barding Armor
Connection lost

Rejoining the realm…

Still unreachable

The connection could not be restored.

Session expired

The server has moved on; the page needs a fresh start.